 Dungeon Crawl Stone Soup version 0.27.1-3-gb3d3a73c9e (webtiles) character file.

Game seed: 7789069134356324546

514 H0rd4k the Charlatan (level 7, -1/51 HPs)
             Began as a Human Artificer on Oct 25, 2021.
             Slain by Edmund (6 damage)
             ... on level 5 of the Dungeon.
             The game lasted 00:08:58 (6100 turns).

H0rd4k the Charlatan (Human Artificer)              Turns: 6100, Time: 00:08:58

Health: -1/51      AC:  4    Str: 13    XL:     7   Next: 44%
Magic:  7/7        EV: 13    Int: 13    God:
Gold:   166        SH:  0    Dex: 19    Spells: 6/6 levels left

rFire    + + .     SeeInvis .   D - +10 falchion of Ashenzari's Favour {freeze, Contam rPois rF++ rC+}
rCold    + . .     Faith    .   (no shield)
rNeg     . . .     Spirit   .   b - +0 leather armour
rPois    +         Reflect  .   (no helmet)
rElec    .         Harm     .   (no cloak)
rCorr    .         Rampage  .   z - +0 pair of gloves
Will     .....                  (no boots)
Stlth    ++........             (no amulet)
HPRegen  0.17/turn              h - +6 ring of dexterity
MPRegen  0.10/turn              (no ring)

@: hasted, very quick
A: no striking features
a: no special abilities


You were on level 5 of the Dungeon.
You visited 1 branch of the dungeon, and saw 5 of its levels.
You also visited: Sewer.

You collected 166 gold pieces.

Inventory:

Hand Weapons
 p - a +2 hunting sling of freezing
 v - a +1 dagger of venom
 A - a +0 dagger of flaming
 D - the +10 falchion of Ashenzari's Favour (weapon) {freeze, Contam rPois rF++ rC+}
   (You found it on level 4 of the Dungeon)

   It freezes those it strikes, dealing additional cold damage.
   It can also slow down cold-blooded creatures.
   rF:        It greatly protects you from fire.
   rC:        It protects you from cold.
   rPois:     It protects you from poison.
   Contam:    It causes magical contamination when unequipped.
Missiles
 g - 11 poisoned darts (quivered)
 r - 160 stones
 x - 34 sling bullets
Armour
 b - a +0 leather armour (worn)
 z - a +0 pair of gloves (worn)
 B - a scarf of harm
 C - a +0 robe of fire resistance
Jewellery
 h - a +6 ring of dexterity (left hand)
Wands
 c - a wand of flame (7)
 d - a wand of charming (7)
 o - a wand of iceblast (2)
Scrolls
 f - 2 scrolls of fog {unknown}
 k - 3 scrolls of teleportation {unknown}
 m - 6 scrolls of identify {unknown}
 t - a scroll of enchant weapon {unknown}
 u - 2 scrolls of noise {unknown}
 y - a scroll of fear {unknown}
Potions
 a - 2 potions of lignification {unknown}
 i - a potion of haste
 j - a potion of attraction {unknown}
 l - 5 potions of invisibility {unknown}
 n - a potion of brilliance {unknown}
 q - a potion of magic {unknown}
 s - a potion of cancellation {unknown}
 w - a potion of curing {unknown}
 E - a potion of degeneration {unknown}
Miscellaneous
 e - a piece from Xom's chessboard (15/15)


   Skills:
 + Level 2.7 Fighting
 + Level 4.1 Short Blades
 + Level 0.9(2.7) Long Blades
 + Level 1.6 Throwing
 - Level 2.0 Armour
 + Level 3.1 Dodging
 - Level 1.0 Stealth
 + Level 4.5 Evocations


You had 6 spell levels left.
You didn't know any spells.
Your spell library contained the following spells:

 Spells                   Type           Power      Damage    Failure   Level
 Slow                     Hex            0%         N/A       52%         2
 Confusing Touch          Hex            0%         N/A       75%         3
 Gell's Gravitas          Tloc           0%         N/A       75%         3
 Lesser Beckoning         Tloc           0%         N/A       75%         3
 Teleport Other           Tloc           0%         N/A       75%         3
 Vampiric Draining        Necr           0%         2d6       75%         3


Dungeon Overview and Level Annotations

Branches:
Dungeon (5/15)              Sewer (visited)
 Temple: D:4-7

Altars:

Annotations:
D:1 exclusion: downstairs
D:2 1 exclusion
D:5 Edmund


Message History

Done exploring.
(D) Dungeon
Where to? (Enter - D:5, ? - help)
There is a stone staircase leading down here.
You climb downwards.
Level annotation: Edmund
There is a stone staircase leading up here.
A phantom is nearby!
The phantom completely misses you.
You hit the phantom.
The phantom is moderately damaged.
The phantom hits you.
You hit the phantom.
The phantom is moderately damaged.
The phantom closely misses you.
You riposte.
You closely miss the phantom.
The phantom is moderately damaged.
Edmund drinks a potion.
Edmund seems to speed up.
You hit the phantom.
The phantom is heavily damaged.
The phantom closely misses you.
You riposte.
You closely miss the phantom.
The phantom is heavily damaged.
The phantom hits you.
You hit the phantom.
The phantom is severely damaged.
The phantom hits you.
The phantom blinks!
You blink.
The gnoll sergeant hits you from afar with a +0 trident!
You hit the phantom.
The phantom is severely damaged.
The gnoll sergeant hits you from afar with a +0 trident!
The phantom hits you.
The phantom blinks!
You blink.
Edmund barely misses you.
You riposte.
You slash Edmund! You freeze Edmund.
Edmund is moderately wounded.
Unknown command.
Edmund hits you with a +2 vorpal flail.
* * * LOW HITPOINT WARNING * * *
x2 The gnoll sergeant closely misses you.
The phantom barely misses you. Edmund hits you with a +2 vorpal flail.
* * * LOW HITPOINT WARNING * * *
x2 You feel yourself speed up.
Edmund hits you with a +2 vorpal flail.
You die...

### ######## ...
#..<...# ... #......#
... #......# ... #.
#......# #..
#.####+##......# #...#
#.......@@g....# ....#
.........W.....#
....#..........##......#
....#..........##......#
....# ................(#
#...# #...##...........#
#...###...##...).......#
.....+....##...##......#
.....#....##...##......#


You could see Edmund (fast), a phantom and a gnoll sergeant.

Vanquished Creatures
  Purgy (Sewer)
  A phantom (D:4)
  A scorpion (D:4)
  A bullfrog zombie (D:5)
  A bullfrog skeleton (D:5)
  An orc wizard (D:4)
  3 adders
  3 gnolls (D:5)
  2 river rats (D:3)
  An ufetubus (D:3)
  3 worms (D:2)
  3 dart slugs
  7 orcs (D:4)
  4 endoplasms
  5 giant cockroaches
  7 goblins
  4 hobgoblins
  2 quokkas
  8 ball pythons
  4 bats
  9 frilled lizards
  5 kobolds
  10 rats
86 creatures vanquished.

Vanquished Creatures (collateral kills)
  A gnoll (D:5)
  An orc (D:4)
  2 endoplasms (D:4)
  A goblin (D:4)
  A kobold (D:4)
6 creatures vanquished.

Vanquished Creatures (others)
  An orc wizard (D:4)
  An orc (D:4)
  A dart slug (D:2)
  5 plants (D:4)
8 creatures vanquished.

Grand Total: 100 creatures vanquished

Notes
Turn   | Place    | Note
-------+----------+-------------------------------------------
     0 | D:1      | H0rd4k the Human Artificer began the quest for the Orb.
     0 | D:1      | Reached XP level 1. HP: 15/15 MP: 1/1
     1 | D:1      | Noticed an electric eel
   101 | D:1      | Reached XP level 2. HP: 16/21 MP: 2/2
   907 | D:1      | Reached XP level 3. HP: 23/26 MP: 3/3
  1459 | D:2      | Found a faded altar of an unknown god.
  1533 | D:2      | Reached skill level 1 in Short Blades
  1663 | D:2      | You fall into a shaft and drop 1 floor!
  1837 | D:3      | Reached XP level 4. HP: 27/32 MP: 4/4
  1851 | D:3      | Found a glowing drain.
  1878 | Sewer    | Entered a sewer
  2183 | Sewer    | Noticed Purgy
  2191 | Sewer    | Killed Purgy
  2192 | Sewer    | Reached skill level 1 in Throwing
  2192 | Sewer    | Reached XP level 5. HP: 38/38 MP: 5/5
  2928 | D:2      | Reached XP level 6. HP: 33/44 MP: 6/6
  5439 | D:4      | Identified the +10 falchion of Ashenzari's Favour {freeze,
                  | Contam rPois rF++ rC+}
  5457 | D:5      | Entered Level 5 of the Dungeon
  5466 | D:5      | Reached XP level 7. HP: 48/51 MP: 7/7
  5532 | D:5      | Noticed Edmund
  6100 | D:5      | Slain by Edmund

Illustrated notes

Levels and vault maps discovered:
D:1:      arrival_aquarium_a, layout_loops_ring
D:2:      minmay_door_path, layout_rooms, basic_ecumenical_altar, st_stairs_9,
          lemuel_flame_loot_1
D:3:      layout_loops_corners, gup_sewer_entry_bubbles, serial_bayou_crossing
D:4:      corexii_shack_village, layout_loops_cross
D:5:      layout_gridville, jmf_multi_god_temple2, serial_shops, shop,
          nrook_loot_triangle, uniq_edmund

Skill      XL: |  1  2  3  4  5  6  7 |
---------------+----------------------+-----
Short Blades   | 1 2 3 4 |  4.1
Evocations     | 4 |  4.5
Throwing       | 1 |  1.6
Fighting       | 2 |  2.7
Dodging        | 2 3 |  3.1
Long Blades    | |  0.9
Armour         | |  2.0
Stealth        | |  1.0

Action                   |  1- 3 |  4- 6 |  7- 9 || total
-------------------------+-------+-------+-------++-------
Melee: Dagger            |   145 |   160 |       ||   305
       Club              |     4 |       |       ||     4
       Falchion          |       |     4 |    22 ||    26
 Fire: Hunting sling     |       |     2 |       ||     2
Throw: Dart              |    14 |       |       ||    14
Evoke: Wand              |     1 |    13 |     3 ||    17
  Use: Potion            |       |       |     1 ||     1
 Stab: Sleeping          |     3 |     3 |       ||     6
Armor: Leather armour    |    34 |    33 |     3 ||    70
Dodge: Dodged            |    71 |    77 |    19 ||   167
       Rpst.: Falchion   |       |     1 |     4 ||     5
